 Dungeon Crawl Stone Soup version 0.29-a0-598-gd8304a5bf4 (webtiles) character file.

Game seed: 5702726242251931220

191 vulpzor the Chopper (level 5, -9/47 HPs)
             Began as a Minotaur Monk on June 16, 2022.
             Killed by divine providence
             ... invoked by an orc priest
              (12 damage)
             ... on level 3 of the Dungeon.
             The game lasted 00:05:10 (2728 turns).

vulpzor the Chopper (Minotaur Monk)                 Turns: 2728, Time: 00:05:10

Health: -9/47      AC:  6    Str: 16    XL:     5   Next: 41%
Magic:  4/4        EV: 13    Int:  7    God:
Gold:   80         SH:  0    Dex: 14    Spells: 4/4 levels left

rFire   . . .      SeeInvis .   a - +0 hand axe
rCold   . . .      Faith    .   (no shield)
rNeg    . . .      Spirit   .   d - +0 leather armour
rPois   .          Reflect  .   (helmet restricted)
rElec   .          Harm     .   e - +2 cloak
rCorr   .          Rampage  .   (no gloves)
Will    .....                   (no boots)
Stlth   ++........              (no amulet)
HPRegen 0.15/turn               (no ring)
MPRegen 0.09/turn               (no ring)

@: no status effects
A: horns 2, retaliatory headbutt
a: no special abilities


You were on level 3 of the Dungeon.
You visited 1 branch of the dungeon, and saw 3 of its levels.

You collected 80 gold pieces.

Inventory:

Hand Weapons
 a - a +0 hand axe (weapon)
 f - a +1 dagger of electrocution
Armour
 b - a +0 robe
 d - a +0 leather armour (worn)
 e - a +2 cloak (worn)
Magical Staves
 n - a staff of death
Scrolls
 j - 3 scrolls of identify {unknown}
 k - a scroll of brand weapon {unknown}
 m - a scroll of enchant armour {unknown}
 o - a scroll of amnesia {unknown}
 q - a scroll of fog {unknown}
 r - a scroll of magic mapping {unknown}
Potions
 c - a potion of ambrosia
 g - a potion of attraction {unknown}
 h - a potion of cancellation {unknown}
 i - a potion of heal wounds {unknown}
 l - 2 potions of curing
 p - a potion of might {unknown}


   Skills:
 + Level 4.8 Fighting
 + Level 4.9 Axes
 + Level 4.4 Dodging
 + Level 2.8 Stealth


You had 4 spell levels left.
You didn't know any spells.
Your spell library was empty.

Dungeon Overview and Level Annotations

Branches:
Dungeon (3/15)

Altars:


Innate Abilities, Weirdness & Mutations

You have a pair of horns on your head.
You reflexively headbutt those who attack you in melee.


Message History

You kill the orc!
The orc priest looks satisfied for a moment.
The orc priest hits you but does no damage.
You barely miss the orc priest. The orc priest barely misses you.
The orc priest misses you.
You hit the orc priest. You headbutt the orc priest.
The orc priest is moderately wounded.
The orc priest hits you but does no damage.
You hit the orc priest but do no damage.
You headbutt the orc priest.
The orc priest is moderately wounded.
The orc priest invokes the aid of Beogh against you.
Beogh smites you!
* * * LOW HITPOINT WARNING * * *
You are too injured to fight recklessly!
You are too injured to fight recklessly!
You are too injured to fight recklessly!
You are too injured to fight recklessly!
You are too injured to fight recklessly!
You are too injured to fight recklessly!
You are too injured to fight recklessly!
You hit the orc priest but do no damage.
The orc priest is moderately wounded.
The orc priest invokes the aid of Beogh against you.
Pain shoots through your body!
* * * LOW HITPOINT WARNING * * *
You barely miss the orc priest. You headbutt the orc priest.
The orc priest is severely wounded.
The orc priest barely misses you.
You hit the orc priest.
The orc priest is almost dead.
The orc priest hits you but does no damage.
You hit the orc priest but do no damage.
The orc priest is almost dead.
The orc priest misses you.
You closely miss the orc priest. Your headbutt misses the orc priest.
The orc priest is almost dead.
The orc priest mumbles some strange prayers to Beogh against you.
Beogh smites you!
You die...

########### #
..........# #
.........<# #
..........# #
......o...# #
.......@..# #
.........)# #
..........##############
####.#<....)).).$......#
#.#################.# #
#..... +>.... #.....
#.....


You could see an orc priest.

Vanquished Creatures
  An orc priest (D:3)
  2 orc wizards (D:3)
  5 adders (D:2)
  A worm (D:2)
  6 orcs (D:3)
  6 bats
  4 endoplasms
  A giant cockroach (D:1)
  8 goblins
  4 hobgoblins
  3 jackals (D:3)
  3 quokkas
  5 ball pythons
  3 frilled lizards (D:1)
  3 kobolds (D:1)
  4 rats (D:1)
59 creatures vanquished.

Notes
Turn   | Place    | Note
-------+----------+-------------------------------------------
     0 | D:1      | vulpzor the Minotaur Monk began the quest for the Orb.
     0 | D:1      | Reached XP level 1. HP: 19/19 MP: 0/0
   347 | D:1      | Reached XP level 2. HP: 26/27 MP: 1/1
  1237 | D:2      | Reached XP level 3. HP: 29/33 MP: 2/2
  1775 | D:2      | Reached XP level 4. HP: 41/41 MP: 3/3
  2407 | D:3      | Reached XP level 5. HP: 11/47 MP: 4/4
  2728 | D:3      | Killed from afar by an orc priest

Illustrated notes

Levels and vault maps discovered:
D:1:      wander_arrival_chamber, layout_loops_corners, serial_aquarium,
          aquarium_bridge_square [aquarium_subvault_bridge,
          aquarium_subvault_bridge, aquarium_subvault_wall,
          aquarium_subvault_wall], aquarium_window_corridor_1,
          aquarium_window_1, aquarium_window_fake, aquarium_view_2c
D:2:      layout_basic
D:3:      layout_basic, hellmonk_ecumenical_altar_lost_god, uniq_terence

Skill      XL: |  1  2  3  4 |
---------------+-------------+-----
Axes           | 4 |  4.9
Fighting       | 4 |  4.8
Stealth        | 2 |  2.8
Dodging        | 4 |  4.4

Action                   |  1- 3 |  4- 6 || total
-------------------------+-------+-------++-------
Melee: Hand axe          |   100 |    77 ||   177
       Headbutt          |    15 |    13 ||    28
       Punch             |     2 |     1 ||     3
  Use: Potion            |       |     1 ||     1
 Stab: Sleeping          |     5 |     1 ||     6
Armor: Leather armour    |    44 |    28 ||    72
Dodge: Dodged            |    58 |    33 ||    91

Table legend: (Time is in decaauts)
 A = Elapsed time spent in this place.
 B = Non-inter-level travel time spent in this place.
 C = Inter-level travel time spent in this place.
 D = Time resting spent in this place.
 E = Time spent auto-exploring this place.
 F = Levels seen in this place.
 G = Mean time per level.
                   A        B        C        D        E       F      G
               +--------+--------+--------+--------+--------+-----+--------+
         Total |   2742 |   2742 |      0 |    259 |   1914 |   3 |  914.0 |
       Dungeon |   2742 |   2742 |      0 |    259 |   1914 |   3 |  914.0 |
               +--------+--------+--------+--------+--------+-----+--------+

Top non-repeatable levels by time:
     D:1: 1221 daAuts
     D:2: 1134 daAuts
     D:3: 387 daAuts
